 Dungeon Crawl Stone Soup version 0.17-a0-1504-gb7d9117 (webtiles) character file.

11459 HEYYEYAAE the Grappler (level 11, -4/109 HPs)
             Began as a Troll Monk on July 8, 2015.
             Was an Initiate of Ru.
             Slain by an eight-headed hydra (13 damage)
             ... on level 12 of the Dungeon.
             The game lasted 00:17:07 (10437 turns).

HEYYEYAAE the Grappler (Troll Monk)                Turns: 10437, Time: 00:17:08

Health: -4/109     AC:  9    Str: 29    XL:     11   Next: 49%
Magic:  10/10      EV: 13    Int:  6    God:    Ru [......]
Gold:   877        SH:  0    Dex: 12    Spells: 0 memorised, 10 levels left

rFire  . . .     SeeInvis .       - Unarmed
rCold  . . .     Clarity  .     c - +2 robe {MR+}
rNeg   . . .     SustAt   .     (no shield)
rPois  .         Gourm    +     I - +1 hat
rElec  .         Spirit   .     e - +0 cloak (curse)
rCorr  .         Warding  .     (gloves unavailable)
rMut   .         Stasis   .     (boots unavailable)
MR     +....                    (no amulet)
Stlth  +.........               (no ring)
                                (no ring)

@: mighty, very slightly contaminated, somewhat resistant to hostile
enchantments, very unstealthy
A: unfitting armour, claws 3, fast metabolism 3, gourmand, regeneration 2,
shaggy fur 1, tough skin 2
a: Renounce Religion


You were on level 12 of the Dungeon.
You worshipped Ru.
Ru was noncommittal.
You were full.

You visited 2 branches of the dungeon, and saw 13 of its levels.

You collected 877 gold pieces.

Inventory:

Missiles
 D - 13 large rocks (quivered)
Armour
 a - a +0 robe
 c - a +2 robe of magic resistance (worn)
 e - a cursed +0 cloak (worn)
 r - a +0 buckler
 I - a +1 hat (worn)
 T - a troll hide
Magical devices
 h - a wand of confusion (29)
 p - a wand of slowing (25)
 u - a wand of fire (1)
 z - a wand of confusion (40)
 F - a wand of cold (10)
 J - a wand of slowing (31)
 M - a wand of lightning (1)
 O - a wand of disintegration (2)
 U - a wand of confusion (14)
Scrolls
 j - 2 scrolls of random uselessness
 k - 2 scrolls of teleportation
 m - a scroll of recharging
 n - 2 scrolls of magic mapping {unknown}
 s - 4 scrolls of fog
 w - a scroll of immolation {unknown}
 y - 3 scrolls of remove curse {unknown}
 B - 3 scrolls of enchant weapon {unknown}
 G - a scroll of noise {unknown}
 H - a scroll of enchant armour {unknown}
 L - a scroll of vulnerability {unknown}
 R - 2 scrolls of amnesia {unknown}
Potions
 d - 5 potions of flight
 f - 3 potions of ambrosia
 g - 5 potions of brilliance
 q - 3 potions of poison
 x - a potion of cure mutation
 A - a potion of might
 K - a potion of curing
Books
 C - a book of Hinderance

   Spells                             Type                      Level
   a - Confusing Touch                Hexes                        2
   b - Confuse                        Hexes                        3
   c - Gell's Gravitas                Hexes/Translocation          3
   d - Petrify                        Transmutation/Earth          4
   e - Metabolic Englaciation         Hexes/Ice                    5
 P - a book of Power

   Spells                             Type                      Level
   a - Fulminant Prism                Conjuration/Hexes            4
   b - Iskenderun's Mystic Blast      Conjuration                  4
   c - Venom Bolt                     Conjuration/Poison           5
   d - Bolt of Magma                  Conjuration/Fire/Earth       5
   e - Iron Shot                      Conjuration/Earth            6
   f - Orb of Destruction             Conjuration                  7
   g - Spellforged Servitor           Conjuration/Summoning        7
Miscellaneous
 S - a lamp of fire
Comestibles
 b - 9 bread rations
 i - 3 meat rations
 o - 10 fruits
 t - 11 royal jellies
 Q - 6 beef jerkies


   Skills:
 + Level 7.2 Fighting
 + Level 6.5 Armour
 + Level 7.5 Dodging
 - Level 1.1 Stealth
 * Level 12.2 Unarmed Combat


You had 10 spell levels left.
You didn't know any spells.

Dungeon Overview and Level Annotations

Branches:
Dungeon (12/15)            Temple (1/1) D:4            Lair (0/8) D:10
    Orc: D:9-12

Altars:
Ashenzari
Cheibriados
Dithmenos
Elyvilon
Fedhas
Gozag
Kikubaaqudgha
Makhleb
Nemelex Xobeh
Okawaru
Qazlal
Ru
Sif Muna
Trog
Vehumet
Xom
Yredelemnul
Zin
The Shining One

Shops:
D:8 (   D:11 %   D:12 *

Annotations:
D:9 Psyche


Innate Abilities, Weirdness & Mutations

You are too large for most types of armour.
You have claws for hands.
Your metabolism is lightning-fast.
You like to eat raw meat.
You heal very quickly.
You are covered in fur (AC +1).
You have very tough skin (AC +2).


Message History

* * * LOW HITPOINT WARNING * * *
The eight-headed hydra bites you!
* * * LOW HITPOINT WARNING * * *
The eight-headed hydra bites you.
* * * LOW HITPOINT WARNING * * *
The eight-headed hydra misses you.
An orc wizard comes into view. It is wielding a dagger.
Unknown command.
Unknown command.
Read which item? (? for menu, Esc to quit)
Okay, then.
Drink which item? (? for menu, Esc to quit)
You feel much better.
An orc wizard appears from thin air!
Reactivating autopickup.
The eight-headed hydra bites you.
* * * LOW HITPOINT WARNING * * *
The eight-headed hydra bites you!
* * * LOW HITPOINT WARNING * * *
The eight-headed hydra bites you!
You die...

#...........#
#.....o.S.###
#....%...o#
#.....o)..#
#....ooo..#
#.....hoo.#
#######Z###
#D# #@# ###


You could see an eight-headed hydra, a warg, an orc warrior, an orc priest, 2
orc wizards, an adder, 3 orcs and a giant frog zombie.

Vanquished Creatures
  Erolcha (D:9)
  Pikel (D:5)
  3 hill giants
  A cyclops (D:11)
  A manticore (D:10)
  Maurice (D:9)
  Grinder (D:4)
  A troll (D:10)
  2 slime creatures (D:12)
  8 yaks
  Sigmund (D:4)
  2 humans (D:11)
  4 hippogriffs
  3 hungry ghosts
  Menkaure (D:5)
  2 soldier ants (D:8)
  A warg (D:12)
  Duvessa (D:6)
  2 phantoms
  3 orc warriors
  A black bear (D:7)
  3 sky beasts
  2 spiders (D:8)
  2 ice beasts
  A wasp (D:11)
  2 slaves (D:5)
  6 ogres
  2 centaurs
  A necrophage (D:10)
  2 big kobolds (D:7)
  Dowan (D:6)
  4 giant frogs
  2 scorpions
  3 wights (D:4)
  5 orc priests
  A giant frog zombie (D:11)
  3 centaur skeletons
  A jelly (D:8)
  A crimson imp (D:8)
  2 hounds
  2 iguanas
  7 orc wizards
  3 worker ants
  2 giant frog skeletons
  2 hound skeletons
  7 gnolls
  16 adders
  2 shadow imps
  2 worms
  5 giant geckos
  49 orcs
  A ball python (D:3)
  2 bat zombies
  5 giant cockroaches
  13 hobgoblins
  18 jackals
  26 kobolds
  3 quokkas
  16 bats
  A giant gecko zombie (D:4)
  5 giant newts
  9 goblins
  3 goblin skeletons (D:8)
  2 goblin zombies (D:8)
  A hobgoblin zombie (D:8)
  3 kobold skeletons (D:8)
  A kobold zombie (D:8)
  An orc zombie (D:8)
  2 quokka skeletons
  2 quokka zombies
  18 rats
314 creatures vanquished.

Vanquished Creatures (others)
  A bat (D:5)
1 creature vanquished.

Grand Total: 315 creatures vanquished

Notes
Turn   | Place    | Note
--------------------------------------------------------------
     0 | D:1      | HEYYEYAAE the Troll Monk began the quest for the Orb.
     0 | D:1      | Reached XP level 1. HP: 22/22 MP: 0/0
   337 | D:1      | Reached XP level 2. HP: 26/29 MP: 1/1
  1063 | D:2      | Reached XP level 3. HP: 36/36 MP: 2/2
  1270 | D:2      | Reached XP level 4. HP: 31/44 MP: 3/3
  1515 | D:2      | Reached skill level 1 in Armour
  1656 | D:2      | Reached skill level 5 in Unarmed Combat
  1866 | D:3      | Reached XP level 5. HP: 14/52 MP: 4/4
  2282 | D:3      | Found a radiant altar of Vehumet.
  2282 | D:3      | Found a stormy altar of Qazlal.
  2714 | D:4      | Reached XP level 6. HP: 61/61 MP: 5/5
  2858 | D:4      | Found a staircase to the Ecumenical Temple.
  2884 | Temple   | Entered the Ecumenical Temple
  2926 | Temple   | Became a worshipper of Ru the Awakened
  2988 | D:4      | Reached skill level 6 in Unarmed Combat
  3081 | D:4      | Noticed an orc warrior
  3098 | D:4      | Killed an orc warrior
  3098 | D:4      | Reached XP level 7. HP: 20/67 MP: 6/6
  3367 | D:4      | Noticed Grinder
  3395 | D:4      | Killed Grinder
  3453 | D:4      | Reached skill level 7 in Unarmed Combat
  3494 | D:4      | Noticed Sigmund
  3500 | D:4      | Killed Sigmund
  3500 | D:4      | Reached XP level 8. HP: 43/78 MP: 7/7
  3762 | D:5      | Entered Level 5 of the Dungeon
  4185 | D:5      | Noticed Pikel
  4208 | D:5      | Killed Pikel
  4208 | D:5      | Reached skill level 8 in Unarmed Combat
  4597 | D:5      | Noticed Menkaure
  4604 | D:5      | Killed Menkaure
  4829 | D:5      | Reached skill level 5 in Dodging
  5100 | D:6      | Noticed Dowan
  5101 | D:6      | Noticed Duvessa
  5110 | D:6      | Killed Duvessa
  5113 | D:6      | Killed Dowan
  5113 | D:6      | Reached XP level 9. HP: 61/87 MP: 8/8
  5852 | D:7      | Reached skill level 9 in Unarmed Combat
  5862 | D:7      | Reached skill level 5 in Fighting
  6121 | D:7      | Gained mutation: Your flesh is heat resistant. [mutagenic meat]
  6227 | D:7      | Found a basalt altar of Yredelemnul.
  6501 | D:8      | Found a shadowy altar of Dithmenos.
  6737 | D:8      | Found a glowing golden altar of the Shining One.
  6857 | D:8      | Found Near's Weapon Boutique.
  6862 | D:8      | Reached skill level 10 in Unarmed Combat
  7049 | D:8      | Reached skill level 5 in Armour
  7049 | D:8      | Reached XP level 10. HP: 92/98 MP: 9/9
  7391 | D:9      | Noticed Maurice
  7426 | D:9      | Killed Maurice
  7574 | D:9      | Found an iron altar of Okawaru.
  7884 | D:9      | Noticed Erolcha
  7891 | D:9      | Killed Erolcha
  7891 | D:9      | Reached skill level 11 in Unarmed Combat
  8039 | D:9      | Found a sparkling altar of Nemelex Xobeh.
  8170 | D:9      | Noticed Psyche
  8258 | D:10     | Entered Level 10 of the Dungeon
  8483 | D:10     | Found a staircase to the Lair.
  8760 | D:10     | Found a white marble altar of Elyvilon.
  8816 | D:10     | Noticed a hill giant
  8827 | D:10     | Killed a hill giant
  8984 | D:10     | Reached XP level 11. HP: 85/107 MP: 10/10
  9072 | D:10     | Noticed a manticore
  9076 | D:10     | Killed a manticore
  9809 | D:11     | Found an iron altar of Okawaru.
 10039 | D:11     | Found Joforycs's Food Shop.
 10066 | D:11     | Noticed a hill giant
 10072 | D:11     | Killed a hill giant
 10072 | D:11     | Reached skill level 12 in Unarmed Combat
 10334 | D:12     | Found Lecita's General Store.
 10334 | D:12     | Noticed an eight-headed hydra
 10389 | D:12     | Noticed a hill giant
 10398 | D:12     | Killed a hill giant
 10428 | D:12     | Lost mutation: Your flesh is heat resistant. [potion of cure mutation]
 10437 | D:12     | Slain by an eight-headed hydra

Vault maps used:
D:1:      lemuel_arrival_tunnels, minmay_rat_gold_closets
D:2:      minmay_bisected
D:3:      gammafunk_temple_overflow_elements
D:4:      minmay_temple_entry_mist, first_bread, minmay_liquid_box,
          guppyfry_early_orc_mine, uniq_grinder, uniq_sigmund
D:5:      uniq_pikel, uniq_menkaure
D:6:      uniq_duvessa
D:7:      kennysheep_little_box
D:8:      overflow_temple_1_default, serial_shops, shop_fountains,
          hangedman_pestilent_swarm, nicolae_tso_besieged_by_evil
D:9:      nemelex_xobeh_ov_fountains_minmay, kennysheep_mini, uniq_maurice,
          uniq_erolcha, uniq_psyche
D:10:     lair_0_dummy, elyvilon_altar_3
D:11:     serial_shops, shop, okawaru_humans
D:12:     erik_orc_4, serial_shops, shop
Temple:   nicolae_temple_god_jail

Action                   |  1- 3 |  4- 6 |  7- 9 | 10-12 || total
-------------------------+-------+-------+-------+-------++-------
Melee: Unarmed           |    92 |   166 |   325 |   287 ||   870
Invok: Reject Sacrifices |       |     1 |     1 |     1 ||     3
Evoke: Wand              |       |       |     8 |    16 ||    24
  Use: Potion            |       |     5 |     5 |     8 ||    18
       Scroll            |       |       |     8 |     8 ||    16
 Stab: Sleeping          |     6 |     4 |     2 |     2 ||    14
       Fleeing           |       |       |       |     2 ||     2
  Eat: Chunk             |    12 |    21 |    32 |    38 ||   103
       Pizza             |       |       |       |     1 ||     1
